 Dungeon Crawl Stone Soup version 0.20-a0-870-g4070442 (webtiles) character file.

57490 nubinia the Arsonist (level 14, -2/108 HPs)
             Began as a Red Draconian Earth Elementalist on Mar 12, 2017.
             Was the Champion of Ashenzari.
             Slain by a fire dragon (3 damage)
             ... on level 12 of the Dungeon on Mar 13, 2017.
             The game lasted 02:22:16 (24908 turns).

nubinia the Arsonist (DrEE)                        Turns: 24908, Time: 02:22:17

Health: -2/108     AC: 14    Str: 11    XL:     14   Next: 45%
Magic:  4/29       EV: 14    Int: 19    God:    Ashenzari [******]
Gold:   2009       SH: 11    Dex: 13    Spells: 0/35 levels left

rFire    + . .     SeeInvis +   u - +6 falchion (freeze) (curse)
rCold    . . .     Gourm    .   (armour unavailable)
rNeg     + . .     Faith    +   l - +0 shield (curse)
rPois    .         Spirit   .   (helmet restricted)
rElec    .         Reflect  .   r - +0 cloak
rCorr    .         Harm     .   s - +1 pair of gloves
MR       +....     Clarity  +   (no boots)
Stlth    +++.......             p - amulet of faith (curse)
Regen    0.3/turn               y - ring of positive energy (curse)
MPRegen  0.3/turn               D - +3 ring of protection (curse)

@: no status effects
A: breathe fire, unfitting armour, fire resistance 1, cold-blooded, AC +8
a: Breathe Fire, Curse Item, Scrying, Transfer Knowledge, Renounce Religion


You were on level 12 of the Dungeon.
You worshipped Ashenzari.
Ashenzari was exalted by your worship.
You were hungry.

You visited 4 branches of the dungeon, and saw 19 of its levels.
You also visited: Labyrinth, Bailey and Ice Cave.

You collected 2009 gold pieces.

Inventory:

Hand Weapons
 a - a +2 dagger of flaming
 m - a +0 whip of flaming
 n - a +0 falchion of slicing
 t - a +0 flail of protection
 u - a cursed +6 falchion of freezing (weapon)
Missiles
 b - 428 stones (quivered)
Armour
 l - a cursed +0 shield (worn)
 r - a +0 cloak (worn)
 s - a +1 pair of gloves (worn)
Jewellery
 p - a cursed amulet of faith (around neck)
 y - a cursed ring of positive energy (right hand)
 D - a cursed +3 ring of protection (left hand)
 Q - an uncursed ring of ice
 S - an uncursed amulet of regeneration
Wands
 e - a wand of paralysis (19/24)
 i - a wand of iceblast (0/15)
 v - a wand of clouds (1/9)
 E - a wand of disintegration (9/24)
 K - a wand of acid (8/15)
 N - a wand of polymorph (17/24)
 R - a wand of confusion (26/48)
 T - a wand of random effects (9/48)
 U - a wand of polymorph (17/24)
 V - a wand of lightning (4/15)
 X - a wand of flame (11/48)
Scrolls
 f - 5 scrolls of magic mapping
 g - 7 scrolls of teleportation
 q - 4 scrolls of enchant armour
 F - 2 scrolls of recharging
 L - 3 scrolls of remove curse
 P - a scroll of fog
Potions
 d - 2 potions of magic
 h - 2 potions of might
 j - a potion of resistance
 k - 5 potions of brilliance
 w - 2 potions of curing
 z - 4 potions of ambrosia
 A - 3 potions of haste
 B - a potion of agility
 C - a potion of cancellation
 G - 3 potions of flight
 M - 2 potions of lignification
 O - 3 potions of mutation
 W - a potion of invisibility
Books
 o - a book of Conjurations

   Spells                             Type                      Level
   a - Magic Dart                     Conjuration                  1
   b - Searing Ray                    Conjuration                  2
   c - Dazzling Spray                 Conjuration/Hexes            3
   d - Fulminant Prism                Conjuration/Hexes            4
   e - Force Lance                    Conjuration/Translocation    4
   f - Iskenderun's Mystic Blast      Conjuration                  4
 J - a book of Flames

   Spells                             Type                      Level
   a - Flame Tongue                   Conjuration/Fire             1
   b - Throw Flame                    Conjuration/Fire             2
   c - Conjure Flame                  Conjuration/Fire             3
   d - Inner Flame                    Hexes/Fire                   3
   e - Sticky Flame                   Conjuration/Fire             4
   f - Fireball                       Conjuration/Fire             5
Comestibles
 c - 10 bread rations
 x - 6 meat rations
 H - 5 fruits
 I - 13 royal jellies


   Skills:
 + Level 5.7 Fighting
 + Level 3.0(5.8) Short Blades
 + Level 7.9(12.5) Long Blades
 + Level 5.9 Dodging
 + Level 6.1 Stealth
 + Level 7.0(10.1) Shields
 + Level 0.2 Unarmed Combat
 + Level 11.4 Spellcasting
 + Level 7.4(11.9) Conjurations
 * Level 1.6(4.6) Translocations
 + Level 1.7(4.8) Transmutations
 + Level 12.0(16.1) Fire Magic
 + Level 9.9(14.2) Earth Magic


You couldn't memorise any spells.
You knew the following spells:

 Your Spells              Type           Power        Failure   Level  Hunger
a - Throw Flame           Conj/Fire      ######       1%          2    None
b - Stone Arrow           Conj/Erth      ######       1%          3    None
c - Petrify               Tmut/Erth      #####...     2%          4    ##.....
d - Magic Dart            Conj           ####         1%          1    None
e - Flame Tongue          Conj/Fire      #####        1%          1    None
f - Force Lance           Conj/Tloc      #####...     4%          4    ##.....
g - Conjure Flame         Conj/Fire      ######..     1%          3    None
h - Sticky Flame          Conj/Fire      ######..     1%          4    ##.....
i - Fireball              Conj/Fire      ######....   1%          5    ####...
j - Sandblast             Erth           ######       1%          1    None
l - Lee's Rapid Deconstr  Erth           ######....   1%          5    ####...
p - Passwall              Tmut/Erth      #####.....   1%          2    None


Dungeon Overview and Level Annotations

Branches:
Dungeon (12/15)            Temple (1/1) D:5            Lair (4/6) D:8
 Spider (0/4) Lair:2          Orc (2/2) D:12            Elf (0/3) Orc:2
  Swamp: Lair:2-4    Shoals: Lair:2-4

Altars:
Ashenzari
Cheibriados
Dithmenos
Elyvilon
Fedhas
Gozag
Hepliaklqana
Kikubaaqudgha
Makhleb
Nemelex Xobeh
Okawaru
Qazlal
Ru
Sif Muna
Trog
Uskayaw
Vehumet
Wu Jian
Xom
Yredelemnul
Zin
The Shining One

Shops:
Orc:1 :

Portals:
Trove: D:11 (give +3 gold dragon scales)

Annotations:
Orc:2 Azrael


Innate Abilities, Weirdness & Mutations

You can breathe blasts of fire.
Your fiery red scales are hard. (AC +8)
You cannot fit into any form of body armour.
Your flesh is heat resistant. (rF+)
You are cold-blooded and may be slowed by cold attacks.


Message History

Evoking this partially-identified wand wasted a few charges.
Evoke which item? (* to show all) (? for menu, Esc to quit)
Aiming: Iceblast (will waste charges)
Press: ? - help, Shift-Dir - straight line, p - fire dragon Nothing appears to happen.
The fire dragon misses you. The fire dragon completely misses you.
The fire dragon tramples you but does no damage.
Evoke which item? (* to show all) (? for menu, Esc to quit)
Aiming: Corrosive Bolt (will waste charges)
Press: ? - help, Shift-Dir - straight line, f - fire dragon
Aim: a fire dragon (almost dead, catching its breath)
The bolt of acid hits the fire dragon.
The fire dragon appears unharmed.
The fire dragon is almost dead.
Evoking this partially-identified wand wasted a few charges.
The fire dragon bites you!
* * * LOW HITPOINT WARNING * * *
The fire dragon claws you.
* * * LOW HITPOINT WARNING * * *
The fire dragon tramples you.
You die...

########## ###############
#........# ..............#
#[.......# #.#...........#
#........# #.#...........#
#........# #.#...........#
###[[......#
#.#....(...<..###[>[.......#
#.#...........#D@.=[.......#
..............))###........#
?.............### #........#
####>....[....# #........#
#####..##### #........# #..#
##.####### #.## #....# #.#
####'### #.# #......#


You could see a fire dragon.

Vanquished Creatures
  A minotaur (Lab)
  Erolcha (D:10)
  Fannar (D:10)
  Harold (D:10)
  4 two-headed ogres
  A death knight (D:12)
  An orc high priest (Orc:1)
  The ghost of nubinia the Thaumaturge, a journeyman DEIE of Sif Muna (Lair:2)
  Sonja (D:11)
  A skeletal warrior (D:12)
  An unseen horror (D:10)
  2 phantasmal warriors (D:12)
  Pikel (D:4)
  An orc sorcerer (Orc:1)
  A wolf spider (Lair:2)
  2 ugly things
  A cyclops (D:12)
  2 manticores (D:12)
  7 elephants
  A deep elf mage (Orc:2)
  4 black mambas (Lair:4)
  7 spiny frogs
  4 komodo dragons
  3 rime drakes
  3 trolls
  A minotaur zombie (Lab)
  A jumping spider (Lair:2)
  2 hornets (D:9)
  4 hippogriffs
  12 blink frogs
  2 redbacks (Lair:2)
  A shadow (D:10)
  A fire elemental (Orc:1)
  5 yaks (Lair:1)
  2 wraiths
  3 wyverns
  3 basilisks
  3 hungry ghosts
  Edmund (D:6)
  3 wargs
  3 hell hounds
  2 soldier ants (D:9)
  8 water moccasins
  The ghost of StylePro the Sneak, an amateur SpAs (D:4)
  4 porcupines
  31 orc warriors
  A black bear (D:9)
  5 ice beasts
  A necrophage (D:11)
  8 centaurs
  16 ogres
  6 wolves
  11 crocodiles
  3 big kobolds
  11 bullfrogs
  5 scorpions
  11 killer bees
  9 wights
  5 howler monkeys
  7 crimson imps
  A bullfrog zombie (D:11)
  2 jellies (D:11)
  A centaur zombie (D:9)
  6 hounds
  Crazy Yiuf (D:3)
  16 orc priests
  3 bullfrog skeletons
  5 iguanas
  24 orc wizards
  5 worker ants
  2 worker ant zombies
  14 adders
  3 shadow imps
  An adder skeleton (D:4)
  A worm (D:3)
  A dart slug (D:2)
  112 orcs
  6 bats
  9 giant cockroaches
  13 goblins
  5 hobgoblins
  3 quokkas
  4 frilled lizards
  24 kobolds
  2 quokka skeletons
  9 rats
518 creatures vanquished.

Vanquished Creatures (others)
  A soldier ant (D:10)
  A howler monkey skeleton (D:4)
  A leopard gecko (D:4)
  4 fungi
7 creatures vanquished.

Grand Total: 525 creatures vanquished

Notes
Turn   | Place    | Note
-------+----------+-------------------------------------------
     0 | D:1      | nubinia the Draconian Earth Elementalist began the quest for the Orb.
     0 | D:1      | Reached XP level 1. HP: 14/14 MP: 3/3
    81 | D:1      | Reached XP level 2. HP: 17/20 MP: 5/5
   127 | D:1      | Learned a level 2 spell: Passwall
   763 | D:1      | Reached XP level 3. HP: 25/26 MP: 6/6
   900 | D:2      | Reached skill level 1 in Short Blades
  1100 | D:2      | Reached XP level 4. HP: 34/34 MP: 4/7
  1105 | D:2      | Learned a level 3 spell: Stone Arrow
  1684 | D:3      | Reached XP level 5. HP: 36/39 MP: 0/9
  2021 | D:3      | Found a runed door.
  2025 | D:3      | Noticed Crazy Yiuf
  2029 | D:3      | Killed Crazy Yiuf
  2489 | D:4      | Noticed StylePro's ghost (amateur SpAs)
  2510 | D:4      | Killed StylePro's ghost
  2510 | D:4      | Reached XP level 6. HP: 39/46 MP: 0/12
  2642 | D:4      | Noticed Pikel
  2642 | D:4      | Noticed a slave
  2642 | D:4      | Noticed a slave
  2643 | D:4      | Noticed a slave
  2643 | D:4      | Noticed a slave
  2662 | D:4      | Killed Pikel
  2662 | D:4      | Reached skill level 1 in Fighting
  2662 | D:4      | Reached skill level 5 in Spellcasting
  2662 | D:4      | Reached skill level 5 in Earth Magic
  2662 | D:4      | Your scales start taking on a fiery red colour.
  2662 | D:4      | Reached XP level 7. HP: 25/52 MP: 0/15
  2662 | D:4      | Gained mutation: Your flesh is heat resistant. (rF+) [Red Draconian growth]
  2835 | D:5      | Entered Level 5 of the Dungeon
  3196 | D:4      | Reached XP level 8. HP: 59/59 MP: 11/16
  3440 | D:5      | Learned a level 4 spell: Petrify
  3446 | D:5      | Learned a level 5 spell: Lee's Rapid Deconstruction
  3753 | D:5      | Found a staircase to the Ecumenical Temple.
  3759 | Temple   | Entered the Ecumenical Temple
  3868 | Temple   | Became a worshipper of Ashenzari the Shackled
  4693 | D:6      | Reached skill level 1 in Shields
  4873 | D:6      | Reached * piety under Ashenzari
  4931 | D:6      | Noticed Edmund
  4944 | D:6      | Reached skill level 1 in Long Blades
  4950 | D:6      | Killed Edmund
  5477 | D:6      | Reached XP level 9. HP: 65/67 MP: 17/19
  5789 | D:7      | Found a radiant altar of Vehumet.
  5789 | D:7      | Found a white marble altar of Elyvilon.
  6575 | D:8      | Noticed a two-headed ogre
  6765 | D:8      | Noticed a two-headed ogre
  7010 | D:8      | Reached ** piety under Ashenzari
  7063 | D:8      | Killed a two-headed ogre
  7063 | D:8      | Reached XP level 10. HP: 77/77 MP: 18/22
  7144 | D:8      | Found a staircase to the Lair.
  7375 | D:8      | Killed a two-headed ogre
  7550 | Lair:1   | Entered Level 1 of the Lair of Beasts
  7659 | Lair:1   | Reached skill level 5 in Shields
  7663 | Lair:1   | Reached skill level 5 in Long Blades
  7842 | Lair:1   | Noticed a spiny frog
  7859 | Lair:1   | Killed a spiny frog
  8351 | Lair:1   | Reached skill level 1 in Conjurations
  8458 | Lair:1   | Reached *** piety under Ashenzari
  8697 | Lair:1   | Reached XP level 11. HP: 57/84 MP: 17/24
  9151 | Lair:2   | Noticed nubinia's ghost (journeyman DEIE)
  9165 | Lair:2   | Killed nubinia's ghost
  9713 | Lair:2   | Learned a level 1 spell: Magic Dart
 10211 | Lair:2   | Noticed a wolf spider
 10720 | Lair:2   | Killed a wolf spider
 10829 | Lair:2   | Found a hole to the Spider Nest.
 11062 | Lair:2   | Learned a level 1 spell: Flame Tongue
 11065 | Lair:2   | Learned a level 2 spell: Throw Flame
 11069 | Lair:2   | Learned a level 3 spell: Conjure Flame
 11194 | Lair:2   | Upgraded the game from 0.20-a0-864-g92acfd1 to 0.20-a0-870-g4070442
 11248 | Lair:3   | Reached **** piety under Ashenzari
 11261 | Lair:3   | Reached skill level 1 in Fire Magic
 11273 | Lair:3   | Found a frozen archway.
 11309 | IceCv    | Entered an ice cave
 11309 | IceCv    | Noticed a white ugly thing
 11324 | Lair:3   | Killed a white ugly thing
 11324 | Lair:3   | Reached skill level 5 in Stealth
 11324 | Lair:3   | Reached skill level 2 in Fire Magic
 11827 | Lair:3   | Reached skill level 5 in Dodging
 11836 | Lair:3   | Reached skill level 10 in Spellcasting
 11883 | Lair:3   | Reached skill level 3 in Fire Magic
 12267 | Lair:3   | Learned a level 4 spell: Sticky Flame
 12381 | Lair:3   | Reached XP level 12. HP: 75/92 MP: 23/26
 13151 | Lair:3   | Reached skill level 4 in Fire Magic
 13556 | Lair:4   | Noticed a six-headed hydra
 14102 | Lair:4   | Reached skill level 5 in Fire Magic
 14136 | Lair:4   | Reached skill level 5 in Conjurations
 14482 | D:9      | Found a flagged portal.
 14516 | Bailey   | Entered a bailey
 14532 | Bailey   | Reached ***** piety under Ashenzari
 15172 | Bailey   | Found a roughly hewn altar of Beogh.
 15173 | Bailey   | Identified the +4 executioner's axe "Hiopsafi" {flame, Dex+5}
 15173 | Bailey   | Identified the cursed +0 executioner's axe of Ivemeh {chop, rElec}
 15405 | D:9      | Found an opulent altar of Gozag.
 15405 | D:9      | Found a burning altar of Makhleb.
 15945 | D:9      | Reached skill level 10 in Fire Magic
 15945 | D:9      | Reached XP level 13. HP: 99/99 MP: 27/27
 15952 | D:9      | Learned a level 5 spell: Fireball
 16113 | D:10     | Entered Level 10 of the Dungeon
 16167 | D:10     | Noticed Harold
 16243 | D:10     | Killed Harold
 16243 | D:10     | Reached skill level 5 in Fighting
 16379 | D:10     | Noticed Fannar
 16725 | D:10     | Killed Fannar
 17344 | D:10     | Noticed Erolcha
 17360 | D:10     | Killed Erolcha
 17699 | D:11     | Found an iron altar of Okawaru.
 17899 | D:11     | Noticed Sonja
 17935 | D:11     | Killed Sonja
 17935 | D:11     | Reached skill level 11 in Fire Magic
 18141 | D:11     | Reached XP level 14. HP: 82/107 MP: 26/28
 18777 | D:11     | Found a portal to a secret trove of treasure.
 19381 | D:12     | Found a labyrinth entrance.
 19448 | Lab      | Entered a labyrinth
 20001 | Lab      | Reached ****** piety under Ashenzari
 20737 | D:12     | Identified the cursed +1 dagger "Safiamp" {pierce, rPois rF+ Dex+4 Stlth-}
 20942 | D:12     | Found a staircase to the Orcish Mines.
 21102 | D:12     | Learned a level 4 spell: Force Lance
 21121 | Orc:1    | Entered Level 1 of the Orcish Mines
 22465 | Orc:1    | Found Nefemequahy's Book Shop.
 22684 | Orc:1    | Reached skill level 1 in Translocations
 22859 | Orc:2    | Entered Level 2 of the Orcish Mines
 23098 | Orc:2    | Found a staircase to the Elven Halls.
 23331 | Orc:2    | Noticed Azrael
 23755 | Orc:1    | Reached skill level 12 in Fire Magic
 24908 | D:12     | HP: 4/108 [fire dragon (14)]
 24908 | D:12     | HP: 1/108 [fire dragon (3)]
 24908 | D:12     | Slain by a fire dragon

Vault maps used:
D:1:      onia_arrival_larder, corexii_item_surrounded_by_moat
D:3:      first_bread, uniq_crazy_yiuf_cottage
D:4:      nicolae_underground_beach, uniq_pikel
D:5:      temple_green, kennysheep_boxes
D:6:      uniq_edmund
D:7:      gammafunk_temple_overflow_pools
D:9:      gammafunk_temple_overflow_wave, enter_bailey_3,
          hangedman_pestilent_swarm
D:10:     uniq_harold, uniq_fannar, uniq_erolcha
D:11:     enter_trove_6, basic_altar, uniq_sonja
D:12:     orc_0_dummy, lab_entry_generic, minmay_misc_feat_rows,
          minmay_sticks_and_stones
Temple:   dpeg_five_rooms_temple
Lair:2:   spider_nest_entry_funnel_web
Lair:3:   portal_ice_cave_rime
Lair:4:   beast_lair_carwin_large_3, minmay_swamp_entry_wisps,
          serial_bayou_shore_b
Orc:1:    serial_shops, shop
Orc:2:    st_orc_pillars, uniq_azrael
Lab:      labyrinth_hidden_loot, labyrinth_lava_lair
Bailey:   bailey_polearm_2, bailey
IceCv:    ice_cave_statue_garden_teleport

Skill      XL: |  1  2  3  4  5  6  7  8  9 10 11 12 13 14 |
---------------+-------------------------------------------+-----
Stealth        | 2 3 4 5 6 |  6.1
Dodging        | 2 3 4 5 |  5.9
Short Blades   | 1 2 3 |  3.0
Spellcasting   | 3 4 5 7 8 9 10 11 | 11.4
Earth Magic    | 4 5 6 7 8 9 |  9.9
Fighting       | 1 2 3 4 5 |  5.7
Shields        | 2 4 5 6 7 |  7.0
Long Blades    | 1 4 5 6 7 |  7.9
Conjurations   | 1 3 5 6 7 |  7.4
Fire Magic     | 3 10 11 12 | 12.0
Translocations | 1 |  1.6
Unarmed Combat | |  0.2
Transmutations | |  1.7

Action                   |  1- 3 |  4- 6 |  7- 9 | 10-12 | 13-15 || total
-------------------------+-------+-------+-------+-------+-------++-------
Melee: Dagger            |    61 |    72 |     7 |       |       ||   140
       Unarmed           |     6 |       |       |       |       ||     6
       Tailslap          |     5 |     2 |    15 |    51 |    52 ||   125
       Falchion          |       |       |   137 |   426 |   421 ||   984
       Flail             |       |       |     1 |       |       ||     1
Throw: Stone             |       |       |       |     1 |       ||     1
 Cast: Sandblast         |    14 |    55 |    76 |   100 |     6 ||   251
       Stone Arrow       |       |     2 |     6 |    68 |     8 ||    84
       Petrify           |       |       |       |     7 |     2 ||     9
       Lee's Rapid Decon |       |       |       |     5 |    18 ||    23
       Magic Dart        |       |       |       |     4 |       ||     4
       Throw Flame       |       |       |       |    68 |   266 ||   334
       Sticky Flame      |       |       |       |    10 |     9 ||    19
       Conjure Flame     |       |       |       |     4 |     8 ||    12
       Fireball          |       |       |       |       |    20 ||    20
       Passwall          |       |       |       |       |    11 ||    11
Invok: Curse Item        |       |       |     4 |     1 |       ||     5
 Abil: Breathe Fire      |       |       |    11 |    12 |    10 ||    33
Evoke: Wand              |       |       |       |       |     4 ||     4
  Use: Scroll            |     1 |     4 |    13 |    10 |     4 ||    32
       Potion            |     1 |     1 |     1 |     6 |       ||     9
 Stab: Sleeping          |     5 |     3 |     1 |    15 |     5 ||    29
       Petrified         |       |       |       |    26 |     4 ||    30
       Distracted        |       |       |       |     2 |     3 ||     5
       Petrifying        |       |       |       |       |     1 ||     1
  Eat: Chunk             |     1 |     5 |    14 |    26 |    32 ||    78
       Royal jelly       |       |       |     1 |     1 |       ||     2
       Meat ration       |       |       |       |     1 |     1 ||     2
       Fruit             |       |       |       |       |     1 ||     1
Armor: Skin              |    21 |    22 |    54 |   103 |    86 ||   286
Dodge: Dodged            |    35 |    45 |    78 |   186 |   184 ||   528
Block: Shield            |       |       |    39 |   191 |   209 ||   439
       Rpst.: Falchion   |       |       |    25 |    40 |    55 ||   120
